Map: Interloper LE

Players

Creature

  • Race: Protoss Protoss
  • Spawn Location: 11:00

uThermal - Winner!

  • Race: Terran Terran
  • Spawn Location: 5:00

Event: WCS Montreal 2017

VOD

Have the link to the VOD?

Description

Time

  • Played on: Sept. 8, 2017, 12:34 p.m.
  • Length: 8:49

All games in this series

Show
View Real Time Build Order
Export as new Build Order

Creature Protoss 

Build Orders: 1 Gate Expand, Oracle Opening, Phoenix Opening, Zealot Archon 

Get SALT Encoding   

  12  0:01  Probe (Chrono Boost)  
  13  0:11  Probe (Chrono Boost)  
  14  0:18  Pylon  
  14  0:22  Probe (Chrono Boost)  
  15  0:36  Probe (Chrono Boost)  
  15  0:37  Gateway  
  16  0:47  Probe (Chrono Boost)  
  16  0:48  Assimilator  
  17  0:58  Probe (Chrono Boost)  
  18  1:08  Probe (Chrono Boost)  
  19  1:20  Nexus  
  19  1:31  Cybernetics Core  
  19  1:34  Probe (Chrono Boost)  
  19  1:39  Assimilator  
  20  1:44  Probe (Chrono Boost)  
  21  1:49  Pylon  
  21  1:55  Probe (Chrono Boost)  
  22  2:05  Probe (Chrono Boost)  
  22  2:07  Adept (Chrono Boost)  
  25  2:17  Probe  
  25  2:18  Stargate  
  26  2:27  Warp Gate  
  26  2:29  Probe  
  27  2:32  Probe  
  30  2:37  Adept (Chrono Boost)  
  30  2:41  Probe  
  30  2:43  Probe  
  32  2:53  Probe x2  
  34  3:01  Oracle (Chrono Boost)  
  34  3:04  Probe  
  34  3:05  Probe  
  39  3:15  Probe  
  39  3:17  Probe  
  41  3:25  Probe  
  41  3:27  Nexus  
  42  3:29  Probe  
  42  3:32  Pylon  
  43  3:36  Probe  
  43  3:38  Phoenix (Chrono Boost)  
  46  3:48  Probe  
  46  3:50  Probe  
  46  3:51  Pylon  
  48  3:59  Probe  
  48  4:02  Probe  
  50  4:07  Gateway  
  50  4:08  Gateway  
  50  4:09  Probe  
  50  4:10  Assimilator  
  50  4:14  Assimilator, Mothership Core  
  53  4:20  Probe  
  54  4:25  Phoenix (Chrono Boost)  
  54  4:30  Probe  
  54  4:31  Twilight Council, Forge  
  56  4:35  Probe, Pylon  
  58  4:41  Probe  
  58  4:43  Probe  
  60  4:46  Sentry  
  60  4:47  Probe  
  60  4:51  Probe  
  60  4:52  Protoss Ground Armor Level 1  
  63  4:53  Probe  
  63  4:59  Probe  
  64  5:02  Probe  
  64  5:05  Probe  
  66  5:07  Charge (Chrono Boost)  
  66  5:12  Probe x2  
  67  5:15  Gateway  
  67  5:17  Gateway  
  67  5:18  Gateway  
  68  5:22  Gateway  
  68  5:24  Gateway  
  68  5:27  Probe  
  68  5:28  Probe  
  69  5:29  Templar Archives  
  69  5:30  Probe  
  71  5:36  Pylon  
  71  5:37  Probe  
  71  5:40  Probe  
  73  5:45  Probe  
  73  5:49  Zealot x3, Robotics Facility  
  80  5:52  Pylon  
  80  5:57  Pylon  
  80  6:01  Pylon  
  80  6:07  Probe  
  80  6:09  Probe  
  77  6:13  Oracle  
  77  6:17  Assimilator x2  
  77  6:18  High Templar x2  
  84  6:19  Zealot x5  
  84  6:23  Photon Cannon  
  94  6:25  Archon  
  94  6:29  Probe  
  94  6:32  Pylon  
  95  6:34  Photon Cannon  
  95  6:35  Zealot  
  95  6:37  Observer  
  98  6:43  High Templar x2  
  98  6:44  Zealot x3  
  108  6:48  Archon  
  108  6:54  Stalker  
  108  6:55  Stalker  
  108  6:58  Zealot  
  114  7:04  Probe  
  114  7:06  Pylon  
  115  7:10  Stalker x2  
  111  7:18  Zealot  
  111  7:19  Zealot x5  
  109  7:33  Zealot x2  
  89  7:41  Zealot  
  89  7:42  Zealot x5  
  93  7:51  Observer  
  91  7:56  Zealot x2  
  87  8:02  High Templar  
  87  8:03  High Templar x3  
  87  8:04  Zealot x2  
  99  8:06  Archon  
  99  8:07  Archon  
  95  8:18  Pylon  
  95  8:19  Zealot x2  
  93  8:31  Zealot x2  
  93  8:32  Zealot x2  
  92  8:45  Stalker x2  
  92  8:46  Zealot  
Show
View Real Time Build Order
Export as new Build Order

uThermal Terran - Winner!

Build Orders: Gas First Reaper Expand, Reaper Expand, MMM Bio 

Get SALT Encoding   

  12  0:00  SCV  
  13  0:12  SCV  
  14  0:17  Supply Depot  
  14  0:25  SCV  
  14  0:28  Refinery  
  15  0:39  SCV  
  16  0:45  Barracks  
  16  0:51  SCV  
  17  1:03  SCV  
  18  1:15  SCV  
  19  1:32  Orbital Command, Reaper  
  20  1:45  Command Center  
  20  1:56  Factory  
  20  1:58  SCV  
  21  2:06  Barracks Reactor  
  21  2:11  SCV  
  21  2:15  Supply Depot  
  22  2:16  Refinery  
  22  2:23  SCV  
  23  2:36  SCV  
  24  2:42  Starport, Marine x2  
  26  2:47  Widow Mine  
  26  2:48  SCV  
  29  3:01  Orbital Command  
  29  3:02  Marine x2, SCV  
  31  3:14  SCV  
  31  3:19  Viking  
  34  3:20  Marine x2  
  34  3:24  Widow Mine  
  38  3:27  SCV  
  38  3:28  SCV  
  38  3:34  Supply Depot  
  40  3:37  Marine x2  
  40  3:40  SCV  
  43  3:41  SCV  
  44  3:52  SCV  
  44  3:54  SCV  
  46  3:58  Barracks  
  46  3:59  Barracks  
  46  4:03  Starport Tech Lab, Factory Tech Lab, Marine x2  
  46  4:05  SCV  
  46  4:09  SCV  
  50  4:14  Supply Depot  
  50  4:17  SCV  
  50  4:22  SCV  
  50  4:23  Engineering Bay  
  52  4:29  SCV  
  52  4:30  Factory Reactor  
  52  4:31  Marine  
  54  4:35  Marine, SCV  
  54  4:37  Supply Depot  
  56  4:41  Starport Reactor, SCV  
  57  4:48  Marine, SCV  
  57  4:50  Terran Infantry Weapons Level 1  
  57  4:51  Supply Depot  
  59  4:53  Marine, SCV  
  59  4:56  Combat Shields  
  59  4:57  Stimpack  
  59  4:58  Marine x2  
  63  5:00  SCV  
  63  5:06  Marine  
  65  5:07  Refinery  
  65  5:08  Refinery, Widow Mine x2  
  65  5:11  Marine  
  70  5:15  SCV x2  
  70  5:18  Supply Depot  
  70  5:19  Medivac  
  70  5:20  Medivac  
  76  5:24  Supply Depot  
  76  5:27  Marauder  
  78  5:39  Barracks, Marine  
  78  5:40  Marauder  
  81  5:43  Barracks  
  81  5:49  Medivac  
  83  5:50  Medivac  
  83  5:51  Marine  
  83  5:52  Marauder  
  83  5:56  Widow Mine  
  90  5:57  Marine  
  90  6:00  Supply Depot  
  90  6:01  Marauder  
  93  6:04  Liberator  
  93  6:09  Marine  
  94  6:14  Supply Depot  
  94  6:15  Concussive Shells  
  94  6:16  Supply Depot  
  94  6:21  Widow Mine  
  94  6:22  Liberator, Marauder  
  101  6:28  Barracks Tech Lab  
  101  6:31  Marine, Barracks Reactor  
  101  6:32  Supply Depot  
  102  6:34  Supply Depot  
  102  6:35  Marine x2  
  107  6:42  Supply Depot  
  107  6:43  Marine  
  107  6:45  Widow Mine  
  109  6:50  Widow Mine  
  109  6:52  Marine, Marauder  
  114  7:00  Marine  
  114  7:01  Liberator, Marauder  
  116  7:03  Marine  
  116  7:05  Supply Depot  
  117  7:13  Widow Mine  
  117  7:14  Marauder  
  118  7:18  Marine x2  
  118  7:19  Marine  
  118  7:21  Marauder  
  120  7:24  Marauder  
  120  7:25  Marine  
  116  7:34  Marine  
  116  7:36  Marine  
  111  7:40  Marine  
  111  7:43  Marauder  
  111  7:46  Marauder  
  105  7:53  Marine x2, Marauder  
  105  7:54  Medivac  
  105  7:55  Widow Mine  
  113  8:00  Widow Mine  
  113  8:01  Medivac  
  113  8:02  Marine  
  113  8:04  Marauder  
  120  8:07  Marine, Marauder  
  120  8:28  Marine  
  120  8:29  Marine  
Tags
 
Add a new tag
Caveats
  • Supply blocks, unpowered buildings, or Contaminate may cause inaccurate times.
  • Supply counts are checked every 10 seconds.